AoeStats
← -

Arabia

508861499Analyzed
1v1 RM · 9d ago on Sep 24, 2026· 41m 37s· 2 players
Game mode
Random Map
Map size
Tiny (2 player)
Population
200
Speed
Normal
Resources
Standard
Victory
Conquest
Starting age
Dark Age
Ending age
Imperial Age
RankedLock teamsTeams togetherTeam positionsShared explorationLock speedFull tech treeHidden civsTurbo modeCheats
Victory
Defeat
🇦🇷 Malians · Argentina
1694
+14
🇹🇼 Varangians · Taiwan
1661
-14
Jeff381
6:00 Loom
8:53 Feudal Age
8:58 Man-at-Arms
8:58 Man-at-Arms
13:37 Double-Bit Axe
18:15 Fletching
19:13 Horse Collar
21:39 Castle Age
19:39 Horse Collar
20:08 Scale Mail Armor
21:20 Forging
22:36 Chain Mail Armor
23:37 Gambesons
27:13 Bow Saw
29:20 Town Watch
30:13 Wheelbarrow
30:02 Heavy Plow
33:38 Squires
36:10 Ballistics
40:32 Imperial Age
38:08 Elite Skirmisher
38:44 Bodkin Arrow
39:02 Padded Archer Armor
39:09 Arson
39:11 Pikeman
40:43 Masonry
41:18 Iron Casting
41:14 Hand Cart
41:04 Gold Mining
41:49 Plate Mail Armor
40:51 Elite Varangian Guard
-
9:15 Loom
11:19 Feudal Age
11:54 Double-Bit Axe
11:50 Horse Collar
15:40 Fletching
21:42 Castle Age
20:20 Padded Archer Armor
21:05 Gold Mining
22:36 Wheelbarrow
22:19 Bodkin Arrow
21:53 Crossbowman
23:47 Ballistics
23:51 Bow Saw
26:08 Bloodlines
25:58 Husbandry
28:05 Hand Cart
30:23 Leather Archer Armor
31:16 Heavy Plow
36:39 Imperial Age
35:10 Scale Mail Armor
35:20 Forging
35:08 Stone Mining
36:09 Guard Tower
38:27 Chemistry
37:43 Squires
38:58 Conscription
41:06 Chain Mail Armor
Connection lost

Rejoining the realm…

Still unreachable

The connection could not be restored.

Session expired

The server has moved on; the page needs a fresh start.